 Dungeon Crawl Stone Soup version 0.27-a0-909-g0721f309d1 (webtiles) character file.

Game seed: 15590314358296807637

15675 jasper the Cleaver (level 12, 0/95 HPs)
             Began as a Demonspawn Delver on Apr 8, 2021.
             Was an Elder of Makhleb.
             Slain by an orc knight
             ... wielding the +3 battleaxe "Jeocik" {speed, Str+6 Int+3}
              (17 damage)
             ... in a bailey.
             The game lasted 00:22:28 (15013 turns).

jasper the Cleaver (Demonspawn Delver)             Turns: 15013, Time: 00:22:28

Health: 0/95       AC: 18    Str: 38    XL:     12   Next: 3%
Magic:  15/15      EV: 14    Int: 13    God:    Makhleb [****..]
Gold:   52         SH:  0    Dex: 18    Spells: 8/11 levels left

rFire    . . .     SeeInvis .   m - +0 battleaxe (flame)
rCold    . . .     Faith    .   (shield currently unavailable)
rNeg     . . .     Spirit   .   Q - +2 chain mail of Voaqawi {Will+ Str+6 Int+2}
rPois    +         Reflect  .   n - +0 hat
rElec    +         Harm     .   v - +0 cloak
rCorr    .         Rampage  .   Z - +0 pair of gloves
Will     ++...                  t - +2 pair of boots
Stlth    ..........             (no amulet)
HPRegen  0.25/turn              S - ring "Laugofuo" {rElec Str+6 Dex+4}
MPRegen  0.14/turn              b - ring "Mubrigy" {rPois Will+ Str+7}

@: mighty, hasted, very quick
A: antennae 2, powered by pain 2, demonic magic 1
a: Renounce Religion, Minor Destruction, Lesser Servant of Makhleb, Major
Destruction


You were in a bailey.
You worshipped Makhleb.
Makhleb was greatly pleased with you.
You visited 1 branch of the dungeon, and saw 11 of its levels.
You also visited: Bailey.

You collected 628 gold pieces.
You spent 576 gold pieces at shops.

Inventory:

Hand Weapons
 m - a +0 battleaxe of flaming (weapon)
Missiles
 l - 448 stones (quivered)
 s - 18 poisoned darts
 u - 14 javelins
 w - 7 silver javelins
 x - 7 atropa-tipped darts
 B - 30 boomerangs
 L - a curare-tipped dart
 P - 2 throwing nets
Armour
 n - a +0 hat (worn)
 t - a +2 pair of boots (worn)
 v - a +0 cloak (worn)
 F - a +2 scale mail of poison resistance
 Q - the +2 chain mail of Voaqawi (worn) {Will+ Str+6 Int+2}
   (You found it on level 9 of the Dungeon)

   It affects your strength (+6).
   It affects your intelligence (+2).
   It increases your willpower.
 Z - a +0 pair of gloves (worn)
Magical Staves
 k - a staff of death
Jewellery
 b - the ring "Mubrigy" (right hand) {rPois Will+ Str+7}
   (You acquired it in a bailey)

   [ring of poison resistance]

   It affects your strength (+7).
   It protects you from poison.
   It increases your willpower.
 q - a ring of protection from fire
 y - an amulet of faith
 z - a ring of wizardry
 A - a +4 ring of protection
 S - the ring "Laugofuo" (left hand) {rElec Str+6 Dex+4}
   (You took it off a centaur on level 9 of the Dungeon)

   [ring of strength]

   It affects your strength (+6).
   It affects your dexterity (+4).
   It insulates you from electricity.
Wands
 g - a wand of digging (3)
 j - a wand of random effects (25)
 H - a wand of polymorph (6)
Scrolls
 a - 2 scrolls of blinking
 c - 2 scrolls of fog
 r - 2 scrolls of enchant armour
 G - a scroll of teleportation
 Y - a scroll of enchant weapon
Potions
 e - a potion of flight
 I - 2 potions of degeneration
 K - 2 potions of lignification
 N - a potion of cancellation
 O - 4 potions of curing
 T - a potion of resistance
 V - 2 potions of ambrosia
 X - a potion of brilliance
Miscellaneous
 W - a tin of tremorstones (inert)


   Skills:
 + Level 9.3 Fighting
 * Level 11.3 Axes
 + Level 8.0 Armour
 + Level 8.2 Dodging
 - Level 4.5 Stealth
 - Level 4.0 Invocations


You had 8 spell levels left.
You knew the following spells:

 Your Spells              Type           Power      Damage    Failure   Level
a - Apportation           Tloc           0%         N/A       69%         1
b - Wereblood             Tmut           0%         N/A       83%         2

Your spell library contained the following spells:

 Spells                   Type           Power      Damage    Failure   Level
 Beastly Appendage        Tmut           0%         N/A       69%         1
 Summon Small Mammal      Summ           0%         N/A       69%         1
 Call Imp                 Summ           0%         N/A       83%         2
 Call Canine Familiar     Summ           0%         N/A       96%         3
 Confusing Touch          Hex            0%         N/A       96%         3
 Gell's Gravitas          Tloc           0%         N/A       96%         3
 Spider Form              Tmut/Pois      0%         N/A       96%         3
 Summon Guardian Golem    Hex/Summ       0%         N/A       96%         3
 Ice Form                 Ice/Tmut       0%         N/A       100%        4
 Petrify                  Tmut/Erth      0%         N/A       100%        4
 Summon Ice Beast         Ice/Summ       0%         N/A       100%        4
 Summon Lightning Spire   Summ/Air       0%         N/A       100%        4
 Hydra Form               Tmut           0%         N/A       100%        5
 Metabolic Englaciation   Hex/Ice        0%         N/A       100%        5
 Summon Forest            Summ/Tloc      0%         N/A       100%        5
 Yara's Violent Unravell  Hex/Tmut       0%         3d3       100%        5
 Shatter                  Erth           0%         3d5*      100%        9


Dungeon Overview and Level Annotations

Branches:
Dungeon (11/15)            Temple (0/1) D:4            Lair (0/6) D:11
 Bailey (1/1)
    Orc: D:9-12

Altars:
Dithmenos
Fedhas
Gozag
Hepliaklqana
Kikubaaqudgha
Makhleb
Nemelex Xobeh
Okawaru
Qazlal
Ru
Vehumet
Wu Jian
Xom

Shops:
D:2 (   D:10 !


Innate Abilities, Weirdness & Mutations

You have a pair of antennae on your head.
You sometimes gain power by taking damage.
Spells you cast may paralyse adjacent enemies.


Message History

The orc knight is moderately wounded.
You slash the gnoll! You burn the gnoll.
You kill the gnoll!
Makhleb accepts your kill.
You feel better. The orc knight misses you.
The orc knight hits your hellwing with the +3 battleaxe "Jeocik" {speed, Str+6 Int+3}.
The orc knight barely misses your ufetubus.
Your ynoxinul hits the goblin!
The goblin dies!
Makhleb accepts your kill.
Your ufetubus closely misses the orc knight.
Your ufetubus barely misses the orc knight.
Your hellwing hits the orc knight! Your hellwing misses the orc knight.
The orc knight hits you with the +3 battleaxe "Jeocik" {speed, Str+6 Int+3}!
* * * LOW HITPOINT WARNING * * *
The orc knight closely misses your ufetubus. x2
The orc knight hits your hellwing but does no damage.
You take 6 damage, and have 23/95 hp.
You closely miss the orc knight.
The orc knight is heavily wounded.
Your ufetubus misses the orc knight.
Your ufetubus hits the orc knight but does no damage. x3
The orc knight hits you with the +3 battleaxe "Jeocik" {speed, Str+6 Int+3}.
* * * LOW HITPOINT WARNING * * *
The orc knight hits your ufetubus with the +3 battleaxe "Jeocik" {speed, Str+6 Int+3}!
Your ufetubus dies!
The orc knight barely misses your ynoxinul.
The orc knight misses your ufetubus.
The orc knight hits your hellwing but does no damage.
Your hellwing hits the orc knight but does no damage.
Your hellwing hits the orc knight.
You take 6 damage, and have 17/95 hp.
You slice the orc knight!! You burn the orc knight.
The orc knight is almost dead.
Your ufetubus hits the orc knight but does no damage.
Your ufetubus barely misses the orc knight.
The goblin barely misses your ynoxinul.
Your ynoxinul closely misses the orc knight.
The orc knight hits you with the +3 battleaxe "Jeocik" {speed, Str+6 Int+3}!
You die...

#∩....⌠.....'.. #...
#.......)..8# { #...
#!......)){8# #...
#?....)...### ###..
###....)###.###
{###.###
###.#'#.)...###
###.....#
###.g.......###........
#..)3)......#.........
#..5o@..)...#.........
#...4.⌠.....#)....⌠...
#..........)).........
#..........)#)........
##.........###........
###.....### ###.....#
###.### ###.### ### ##


You could see an orc knight (ally target), a goblin, a friendly hellwing
(summoned), a friendly ynoxinul (summoned) and a friendly ufetubus (summoned).

Vanquished Creatures
  Snorg (D:10)
  Harold (D:8)
  2 centaur warriors
  A two-headed ogre (D:10)
  6 death yaks
  Urug (D:10)
  Maurice (D:9)
  Joseph (D:8)
  A cane toad (D:10)
  A troll (D:9)
  Prince Ribbit (D:5)
  12 yaks
  A vampire (D:11)
  Grum (D:10)
  A steam dragon (D:7)
  11 orc warriors
  An ice beast (D:8)
  A necrophage (D:6)
  4 wolves (D:10)
  4 centaurs
  A phantom (D:6)
  A kobold brigand (D:7)
  3 bullfrogs (D:8)
  2 scorpions
  A wyvern skeleton (D:6)
  A killer bee (D:8)
  2 jellies
  3 wights (D:6)
  4 howler monkeys
  A centaur zombie (D:6)
  2 bullfrog zombies
  3 hounds
  4 orc priests
  A centaur skeleton (D:4)
  3 iguanas
  Ijyb (D:5)
  6 orc wizards
  A hound skeleton (D:5)
  16 gnolls
  4 adders
  3 worms
  37 orcs
  11 ball pythons
  5 bats
  7 endoplasms
  4 giant cockroaches
  12 hobgoblins
  14 jackals
  5 quokkas
  6 frilled lizards
  29 goblins
  9 kobolds
  6 rats
261 creatures vanquished.

Vanquished Creatures (collateral kills)
  Gastronok (D:8)
  3 yaks (D:8)
  An orc warrior (Bailey)
  4 killer bees (D:8)
  An orc wizard (D:8)
  An orc (D:8)
  A goblin (Bailey)
12 creatures vanquished.

Vanquished Creatures (others)
  17 plants (D:2)
17 creatures vanquished.

Grand Total: 290 creatures vanquished

Notes
Turn   | Place    | Note
-------+----------+-------------------------------------------
     0 | D:5      | jasper the Demonspawn Delver began the quest for the Orb.
     0 | D:5      | Reached XP level 1. HP: 18/18 MP: 1/1
    53 | D:5      | Found a faded altar of an unknown god.
    53 | D:5      | Found a burning altar of Makhleb.
    59 | D:5      | Found an opulent altar of Gozag.
    61 | D:5      | Became a worshipper of Makhleb the Destroyer
    85 | D:4      | Noticed a hound
   227 | D:3      | Reached skill level 2 in Axes
   261 | D:2      | Gained mutation: You have a pair of small antennae on your
                  | head. [demonic ancestry]
   261 | D:2      | Reached XP level 2. HP: 24/24 MP: 2/2
   666 | D:1      | Identified Sif Muna's Catalogue of Spatial Earth
  1479 | D:2      | Reached XP level 3. HP: 21/29 MP: 3/3
  1531 | D:2      | Reached * piety under Makhleb
  1623 | D:2      | Reached skill level 1 in Armour
  1998 | D:2      | Found Mane's Weapon Emporium.
  2207 | D:2      | Reached XP level 4. HP: 20/35 MP: 4/4
  2210 | D:2      | Reached skill level 3 in Axes
  3454 | D:3      | Gained mutation: You sometimes gain a little power by
                  | taking damage. [demonic ancestry]
  3454 | D:3      | Reached XP level 5. HP: 42/42 MP: 5/5
  4472 | D:4      | Reached XP level 6. HP: 48/48 MP: 6/6
  4501 | D:4      | Reached ** piety under Makhleb
  4633 | D:4      | Reached skill level 4 in Axes
  4676 | D:4      | Found a staircase to the Ecumenical Temple.
  4994 | D:4      | Found a sparkling altar of Nemelex Xobeh.
  5267 | D:5      | Found a faded altar of an unknown god.
  5269 | D:5      | Found an ancient bone altar of Kikubaaqudgha.
  5678 | D:5      | Noticed Prince Ribbit
  5700 | D:5      | Killed Prince Ribbit
  5701 | D:5      | Reached XP level 7. HP: 24/55 MP: 7/7
  5911 | D:5      | Noticed Ijyb
  5922 | D:5      | Killed Ijyb
  5923 | D:5      | Reached skill level 5 in Axes
  6654 | D:6      | Noticed a yak
  6654 | D:6      | Noticed a yak
  6654 | D:6      | Noticed a yak
  6664 | D:6      | Noticed a yak
  6665 | D:6      | Noticed a yak
  6666 | D:6      | Killed a yak
  6667 | D:6      | Reached skill level 5 in Fighting
  6667 | D:6      | Reached skill level 1 in Invocations
  6667 | D:6      | Reached XP level 8. HP: 49/62 MP: 8/8
  6682 | D:6      | Reached skill level 6 in Axes
  7253 | D:6      | Found a sacrificial altar of Ru.
  7371 | D:6      | Found a shadowy altar of Dithmenos.
  7721 | D:6      | Gained mutation: You have a pair of antennae on your head.
                  | [demonic ancestry]
  7721 | D:6      | Reached XP level 9. HP: 56/69 MP: 11/11
  7955 | D:6      | Reached skill level 5 in Dodging
  8560 | D:7      | Found a hazy altar of Hepliaklqana.
  8601 | D:7      | Reached skill level 7 in Axes
  8727 | D:7      | Reached *** piety under Makhleb
  8821 | D:7      | Found a shimmering altar of Xom.
  9008 | D:7      | Found a stormy altar of Qazlal.
  9010 | D:7      | Found a blossoming altar of Fedhas.
  9550 | D:8      | Noticed Gastronok
  9572 | D:8      | Reached skill level 5 in Armour
  9579 | D:8      | Killed Gastronok
  9580 | D:8      | Reached skill level 8 in Axes
  9580 | D:8      | Gained mutation: You sometimes gain power by taking damage.
                  | [demonic ancestry]
  9580 | D:8      | Reached XP level 10. HP: 28/79 MP: 13/13
  9907 | D:8      | Noticed Joseph
  9917 | D:8      | Paralysed by Joseph for 7 turns
  9941 | D:8      | Killed Joseph
 10224 | D:8      | Noticed Harold
 10238 | D:8      | Killed Harold
 10398 | D:8      | Reached skill level 9 in Axes
 11302 | D:9      | Noticed Maurice
 11316 | D:9      | Killed Maurice
 11320 | D:9      | Identified the +2 chain mail of Voaqawi {Will+ Str+6 Int+2}
 11730 | D:9      | Identified the +4 falchion of Fudevikk {drain, Drain Str+4}
 11730 | D:9      | Identified the ring "Laugofuo" {rElec Str+6 Dex+4}
 11731 | D:9      | Found an iron altar of Okawaru.
 11937 | D:9      | Noticed a centaur warrior
 11945 | D:9      | Killed a centaur warrior
 12071 | D:9      | Found an ornate altar of the Wu Jian Council.
 12238 | D:10     | Entered Level 10 of the Dungeon
 12278 | D:10     | Noticed a cane toad
 12278 | D:10     | a troll changed into a cane toad
 12284 | D:10     | Killed a cane toad
 12314 | D:10     | Noticed Urug
 12539 | D:9      | Gained mutation: Spells you cast may paralyse adjacent
                  | enemies. [demonic ancestry]
 12539 | D:9      | Reached XP level 11. HP: 86/86 MP: 14/14
 12706 | D:10     | Found a radiant altar of Vehumet.
 12765 | D:10     | Killed Urug
 12766 | D:10     | Reached skill level 10 in Axes
 13129 | D:10     | Found Suaqibb's Distillery.
 13135 | D:10     | Bought a potion of haste for 160 gold pieces
 13135 | D:10     | Bought a potion of curing for 48 gold pieces
 13135 | D:10     | Bought a potion of haste for 160 gold pieces
 13135 | D:10     | Bought a potion of curing for 48 gold pieces
 13135 | D:10     | Bought a potion of haste for 160 gold pieces
 13222 | D:10     | Noticed Grum
 13238 | D:10     | Killed Grum
 13250 | D:10     | Noticed a centaur warrior
 13253 | D:10     | Noticed Snorg
 13269 | D:10     | Killed a centaur warrior
 13279 | D:10     | Noticed a two-headed ogre
 13280 | D:10     | Killed Snorg
 13706 | D:10     | Killed a two-headed ogre
 13710 | D:10     | Learned a level 1 spell: Apportation
 13713 | D:10     | Learned a level 2 spell: Wereblood
 14196 | D:11     | Noticed a death yak
 14197 | D:11     | Noticed a death yak
 14198 | D:11     | Noticed a death yak
 14199 | D:11     | Noticed a death yak
 14201 | D:11     | Noticed a death yak
 14202 | D:11     | Noticed a death yak
 14205 | D:11     | Killed a death yak
 14219 | D:10     | Killed a death yak
 14223 | D:10     | Killed a death yak
 14458 | D:10     | Killed a death yak
 14459 | D:10     | Reached skill level 11 in Axes
 14463 | D:10     | Killed a death yak
 14613 | D:11     | Killed a death yak
 14620 | D:11     | Found a staircase to the Lair.
 14632 | D:11     | Found a flagged portal.
 14661 | Bailey   | Entered a bailey
 14877 | Bailey   | Reached **** piety under Makhleb
 14932 | Bailey   | Reached XP level 12. HP: 94/95 MP: 15/15
 14965 | Bailey   | Identified a scroll of acquirement
 14965 | Bailey   | Acquired the ring "Mubrigy" {rPois Will+ Str+7}
 14986 | Bailey   | Identified the +3 battleaxe "Jeocik" {speed, Str+6 Int+3}
 15013 | Bailey   | Slain by an orc knight

Illustrated notes

Levels and vault maps discovered:
D:1:      lightli_arrival_chessboard, layout_basic
D:2:      wad_woods_tower, layout_basic, serial_shops, shop
D:3:      layout_basic
D:4:      layout_gridville, lemuel_tele_altar, minmay_temple_entry_trees
D:5:      layout_gridville, chequers_temple_overflow_minitemple, uniq_ijyb,
          uniq_prince_ribbit1
D:6:      layout_cave_pods, lemuel_doored_altar, kennysheep_mini
D:7:      layout_loops_ring, nicolae_overflow_hidden_temple,
          kennysheep_little_box, grunt_temple_overflow_forces_of_nature,
          nrook_uturn
D:8:      layout_basic, uniq_harold, uniq_joseph, uniq_gastronok
D:9:      layout_basic, okawaru_ov_weapons_minmay, nzn_wu_jian_contemplation,
          uniq_maurice
D:10:     layout_long_grid, nicolae_vehumet_altar_sigil, serial_shops,
          shop_fountains, uniq_urug, uniq_grum, uniq_snorg
D:11:     layout_gridville, dpeg_lair_monsters, enter_bailey_4,
          grunt_ministairs_9
Bailey:   bailey_axe_minmay_hex_keep, bailey

Skill      XL: |  1  2  3  4  5  6  7  8  9 10 11 |
---------------+----------------------------------+-----
Axes           | 2 3 4 5 6 8 9 11 | 11.3
Dodging        | 2 3 4 6 7 8 |  8.2
Armour         | 1 2 3 4 5 6 8 |  8.0
Fighting       | 4 5 7 8 9 |  9.3
Invocations    | 1 3 4 |  4.0
Stealth        | |  4.5

Action                   |  1- 3 |  4- 6 |  7- 9 | 10-12 || total
-------------------------+-------+-------+-------+-------++-------
Melee: War axe           |    75 |   137 |   251 |       ||   463
       Battleaxe         |       |       |    15 |   325 ||   340
Throw: Stone             |    33 |    46 |    48 |    19 ||   146
       Dart              |    13 |    29 |       |       ||    42
Invok: Lesser Servant of |       |       |     3 |    11 ||    14
Evoke: Wand              |     1 |     6 |     6 |     8 ||    21
       Tin of tremorston |       |       |       |     2 ||     2
  Use: Scroll            |       |     3 |    12 |     8 ||    23
       Potion            |       |     4 |     2 |    10 ||    16
 Stab: Sleeping          |     6 |       |       |       ||     6
       Petrified         |       |       |       |    13 ||    13
       Paralysed         |       |       |       |     9 ||     9
       Distracted        |       |       |       |     1 ||     1
       Petrifying        |       |       |       |     1 ||     1
Armor: Leather armour    |    10 |       |       |       ||    10
       Ring mail         |     8 |    86 |    63 |       ||   157
       Chain mail        |       |       |    62 |   201 ||   263
Dodge: Dodged            |    53 |    94 |   175 |   231 ||   553

Table legend: (Time is in decaauts)
 A = Elapsed time spent in this place.
 B = Non-inter-level travel time spent in this place.
 C = Inter-level travel time spent in this place.
 D = Time resting spent in this place.
 E = Time spent auto-exploring this place.
 F = Levels seen in this place.
 G = Mean time per level.
                   A        B        C        D        E       F      G
               +--------+--------+--------+--------+--------+-----+--------+
         Total |  15161 |  14828 |    333 |   2814 |   9339 |  12 | 1263.4 |
       Dungeon |  14799 |  14466 |    333 |   2721 |   9339 |  11 | 1345.4 |
        Bailey |    361 |    361 |      0 |     93 |      0 |   1 |  361.0 |
               +--------+--------+--------+--------+--------+-----+--------+

Top non-repeatable levels by time:
     D:8: 2075 daAuts
    D:10: 1775 daAuts
     D:5: 1630 daAuts
     D:6: 1596 daAuts
     D:9: 1591 daAuts
     D:2: 1416 daAuts
     D:3: 1349 daAuts
     D:4: 1267 daAuts
     D:1: 1187 daAuts
     D:7: 841 daAuts
  Bailey: 361 daAuts
    D:11: 68 daAuts
